 Dungeon Crawl Stone Soup version 0.24-a0-309-g1095bca (webtiles) character file.

Game seed: 2129351216092028506

611 mhoghedin the Ruffian (level 7, -6/55 HPs)
             Began as a Demigod Transmuter on May 14, 2019.
             Mangled by Menkaure (12 damage)
             ... on level 4 of the Dungeon.
             The game lasted 00:12:28 (4351 turns).

mhoghedin the Ruffian (Demigod Transmuter)          Turns: 4351, Time: 00:12:28

Health: -6/55      AC: 18    Str: 17    XL:     7   Next: 0%
Magic:  13/13      EV:  1    Int: 22    God:
Gold:   120        SH:  3    Dex: 17    Spells: 7/10 levels left

rFire    + . .     SeeInvis .     - Unarmed
rCold    + . .     Gourm    .   (no shield)
rNeg     . . .     Faith    .   v - +0 crystal plate armour
rPois    +         Spirit   .   j - +2 hat
rElec    +         Reflect  +   p - +1 cloak {+Inv}
rCorr    +         Harm     .   (no gloves)
MR       +....                  (no boots)
Stlth    ..........             b - +3 amulet of reflection
HPRegen  0.18/turn              c - ring of protection from magic {MR+, !d}
MPRegen  0.13/turn              f - +3 ring of dexterity

@: brilliant, resistant
A: clumsy 1, high mp 1, MP-powered wands
a: Evoke Invisibility


You were on level 4 of the Dungeon.
You were not hungry.

You visited 1 branch of the dungeon, and saw 4 of its levels.

You collected 120 gold pieces.

Inventory:

Missiles
 a - 29 arrows
 k - 21 poisoned darts
 o - 3 curare-tipped darts (quivered)
Armour
 j - a +2 hat (worn)
   (You found it on level 2 of the Dungeon)
 p - a +1 cloak of invisibility (worn)
   (You found it on level 2 of the Dungeon)
 v - a +0 crystal plate armour (worn)
   (You found it on level 3 of the Dungeon)
Jewellery
 b - a +3 amulet of reflection (around neck)
   (You found it on level 2 of the Dungeon)
 c - a ring of protection from magic (left hand) {MR+, !d}
   (You found it on level 1 of the Dungeon)
 f - a +3 ring of dexterity (right hand)
   (You found it on level 1 of the Dungeon)
 h - a +3 ring of intelligence {unknown}
   (You found it on level 3 of the Dungeon)
Scrolls
 i - 2 scrolls of fear
 l - a scroll of remove curse
 m - a scroll of fog
 n - 2 scrolls of random uselessness
Comestibles
 d - 4 rations


   Skills:
 - Level 2.0 Fighting
 - Level 0.5 Armour
 - Level 2.0 Dodging
 * Level 4.7 Unarmed Combat
 - Level 2.0 Spellcasting
 - Level 4.4 Transmutations
   Level 2.7 Poison Magic
 - Level 0.4 Evocations


You had 7 spell levels left.
You knew the following spells:

 Your Spells              Type           Power        Failure   Level  Hunger
a - Beastly Appendage     Tmut           #####.       82%         1    #......
s - Sticks to Snakes      Tmut           #####...     90%         2    ##.....

Your spell library contained the following spells:

 Spells                   Type           Power        Failure   Level  Hunger
 Spider Form              Tmut/Pois      ####......   99%         3    ###....
 Ice Form                 Ice/Tmut       ####....     100%        4    #####..
 Blade Hands              Tmut           #####.....   100%        5    ######.


Dungeon Overview and Level Annotations

Branches:
Dungeon (4/15)
 Temple: D:4-7

Annotations:
D:4 Menkaure


Innate Abilities, Weirdness & Mutations

You have an increased reservoir of magic. (+10% MP)
You are clumsy. (Dex -2)
You expend magic power (3 MP) to strengthen your wands.


Message History

There is a stone staircase leading down here.
An adder skeleton comes into view.
You hit the adder skeleton.
The adder skeleton bites you but does no damage.
You punch the adder skeleton!
The adder skeleton bites you but does no damage.
Your crystal plate armour prevents you from hitting the adder skeleton.
The adder skeleton completely misses you.
You punch the adder skeleton!
You destroy the adder skeleton!
No target in view!
No target in view!
No target in view!
No target in view!
No target in view!
No target in view!
A giant cockroach comes into view.
A giant cockroach is nearby!
You hit the giant cockroach.
You kill the giant cockroach!
You have reached level 7!
Health restored: 55; MP restored: 13
i - 3 scrolls labeled ZOTZEO RUCA You open the door.
Found a glowing golden altar of the Shining One.
As you read the scroll labeled ZOTZEO RUCA, it crumbles to dust.
You assume a fearsome visage.
Nothing appears to happen.
It was a scroll of fear.
Okay, then.
Unknown command.
Unknown command.
There is an open door here.
There is an open door here.
You see here a giant cockroach corpse.
You see here a robe.
You now have 120 gold pieces (gained 9).
q - a scroll labeled BES BESUFU Menkaure, Prince of Dust comes into view.
Menkaure casts a spell.
Menkaure seems to speed up.
Menkaure calls on the powers of darkness!
Your body is wracked with pain!
You take 26 damage, and have 29/55 hp.
MASSIVE DAMAGE!!
Okay, then.
Unknown command.
Unknown command.
Menkaure points at you and mumbles some strange words.
You easily resist.
Menkaure casts a spell at you. Pain shoots through your body!
You take 9 damage, and have 20/55 hp.
Menkaure calls on the powers of darkness!
Your body is wracked with pain!
* * * LOW HITPOINT WARNING * * *
You take 9 damage, and have 11/55 hp.
Menkaure calls on the powers of darkness!
Your body is wracked with pain!
* * * LOW HITPOINT WARNING * * *
You take 4 damage, and have 7/55 hp.
Menkaure calls on the powers of darkness!
Your body is wracked with pain!
* * * LOW HITPOINT WARNING * * *
You take 2 damage, and have 5/55 hp.
Menkaure giggles, "These cerements are ticklish..."
Menkaure casts a spell at you.
You easily resist.
Menkaure calls on the powers of darkness!
Your body is wracked with pain!
* * * LOW HITPOINT WARNING * * *
You take 2 damage, and have 4/55 hp.
An ogre comes into view. It is wielding a +0 giant club.
The ogre shouts!
Menkaure calls on the powers of darkness!
Your body is wracked with pain!
* * * LOW HITPOINT WARNING * * *
You take 1 damage, and have 4/55 hp.
As you read the scroll labeled BES BESUFU, it crumbles to dust.
You feel aware of your surroundings.
You sensed 1 altar.
It was a scroll of magic mapping.
Okay, then.
Unknown command.
It was a potion of brilliance.
You feel clever all of a sudden.
It was a potion of heal wounds.
You feel much better.
You regained 21 hp, and now have 26/55 hp.
You feel protected. Menkaure completely misses you.
You hit Menkaure but do no damage. Menkaure hits you but does no damage.
You hit Menkaure. The ogre hits you with a +0 giant club!
* * * LOW HITPOINT WARNING * * *
Menkaure hits you but does no damage.
You take 12 damage, and have 14/55 hp.
MASSIVE DAMAGE!!
You hit Menkaure. Menkaure hits you but does no damage.
The ogre hits you with a +0 giant club!
* * * LOW HITPOINT WARNING * * *
You take 9 damage, and have 5/55 hp.
You hit Menkaure but do no damage. Menkaure hits you!
You die...

#.# #..#,#***,* #.#
#..#,,,,,,, #M#
#..#####o.#
#.###......oo#*
#..###.######## ########
##.###......... #......#
#..##.####....
####.####.###########.##.#
*,*##
...............O@M.......#
*,*
####.####.###########..#.#
*,* #.# #.# ##.#.# *,* #.#
#.# #.#)# *,* #.# #.#
#.#.# *,*** #.# #.# #...#
*,,,, #.# #.# ##..########
#.# #.# #........... #[#
#.# #######...########


You could see an ogre and Menkaure.

Vanquished Creatures
  Sigmund (D:2)
  An ice beast (D:3)
  3 orc priests
  An orc wizard (D:3)
  An iguana (D:4)
  Terence (D:2)
  Robin (D:2)
  6 adders
  An ooze (D:1)
  An adder skeleton (D:4)
  4 worms
  A dart slug (D:2)
  2 leopard geckos (D:3)
  7 orcs
  3 ball pythons
  8 bats
  8 giant cockroaches
  14 goblins
  12 hobgoblins
  5 jackals (D:3)
  2 quokkas (D:3)
  4 frilled lizards
  A jackal skeleton (D:4)
  10 kobolds
  9 rats
107 creatures vanquished.

Notes
Turn   | Place    | Note
-------+----------+-------------------------------------------
     0 | D:1      | mhoghedin the Demigod Transmuter began the quest for the
                  | Orb.
     0 | D:1      | Reached XP level 1. HP: 15/15 MP: 5/5
    95 | D:1      | Reached skill level 2 in Transmutations
   220 | D:1      | Reached XP level 2. HP: 16/22 MP: 5/7
   495 | D:1      | Learned a level 2 spell: Sticks to Snakes
   752 | D:1      | Reached skill level 3 in Transmutations
  1037 | D:2      | Noticed Terence
  1074 | D:2      | Reached XP level 3. HP: 27/27 MP: 6/8
  1079 | D:2      | Reached skill level 2 in Spellcasting
  1303 | D:2      | Learned a level 3 spell: Spider Form
  1312 | D:2      | Noticed Robin
  1323 | D:2      | Killed Robin
  1332 | D:2      | Reached skill level 1 in Poison Magic
  1370 | D:2      | Found a basalt altar of Yredelemnul.
  1662 | D:2      | Noticed Sigmund
  1686 | D:2      | Killed Sigmund
  1686 | D:2      | Reached skill level 4 in Transmutations
  1686 | D:2      | Reached skill level 2 in Poison Magic
  1686 | D:2      | Reached XP level 4. HP: 30/34 MP: 6/9
  1686 | D:2      | Reached XP level 5. HP: 34/39 MP: 6/10
  1771 | D:2      | Killed Terence
  1771 | D:2      | Reached skill level 1 in Fighting
  2129 | D:2      | Reached skill level 3 in Unarmed Combat
  2429 | D:3      | Reached XP level 6. HP: 27/47 MP: 9/11
  3193 | D:3      | Gained mutation: You expend magic power (3 MP) to
                  | strengthen your wands. [potion of mutation]
  3193 | D:3      | Gained mutation: You are clumsy. (Dex -2) [potion of
                  | mutation]
  3193 | D:3      | Gained mutation: You are dopey. (Int -2) [potion of
                  | mutation]
  3193 | D:3      | Lost mutation: You are dopey. (Int -2) [potion of mutation]
  3210 | D:3      | Reached skill level 2 in Fighting
  3210 | D:3      | Reached skill level 2 in Dodging
  3418 | D:3      | Reached skill level 4 in Unarmed Combat
  4218 | D:4      | Reached XP level 7. HP: 55/55 MP: 13/13
  4237 | D:4      | Found a glowing golden altar of the Shining One.
  4315 | D:4      | Noticed Menkaure
  4330 | D:4      | HP: 11/55 [??? (9)]
  4333 | D:4      | HP: 5/55 [??? (2)]
  4343 | D:4      | HP: 4/55 [??? (1)]
  4350 | D:4      | HP: 5/55 [ogre/+0 giant club (9)]
  4351 | D:4      | Mangled by Menkaure

Levels and vault maps discovered:
D:1:      dpeg_arrival_rooms_c, layout_rooms, corexii_corridor_pit,
          roderic_three_in_a_row
D:2:      layout_basic, lemuel_round_altar, minmay_misc_feat_columns,
          uniq_sigmund, uniq_terence, uniq_robin
D:3:      layout_loops_ring, minmay_joined_circles
D:4:      layout_basic, old_standard_altar, tso_altar, uniq_menkaure

Skill      XL: |  1  2  3  4  5  6 |
---------------+-------------------+-----
Transmutations | 2 3 4 |  4.4
Spellcasting   | 2 |  2.0
Poison Magic   | 2 |  2.7
Fighting       | 1 2 |  2.0
Unarmed Combat | 3 4 |  4.7
Dodging        | 2 |  2.0
Armour         | |  0.5
Evocations     | |  0.4

Action                   |  1- 3 |  4- 6 |  7- 9 || total
-------------------------+-------+-------+-------++-------
Melee: Unarmed           |    57 |   221 |     4 ||   282
       Headbutt          |    10 |     6 |       ||    16
       Dagger            |    77 |    16 |       ||    93
       Kick              |     3 |    11 |       ||    14
       Punch             |       |     1 |       ||     1
Throw: Dart              |    12 |    17 |       ||    29
 Cast: Beastly Appendage |    23 |    10 |       ||    33
       Spider Form       |     3 |     3 |       ||     6
  Use: Scroll            |       |     6 |     2 ||     8
       Potion            |       |     3 |     3 ||     6
 Stab: Sleeping          |     2 |       |       ||     2
  Eat: Chunk             |     3 |     3 |       ||     6
       Ration            |       |     2 |       ||     2
Armor: Robe              |    26 |       |       ||    26
       Leather armour    |    12 |    18 |       ||    30
       Skin              |       |     3 |       ||     3
       Crystal plate arm |       |   102 |     3 ||   105
Dodge: Dodged            |   111 |    55 |     1 ||   167
Block: Other             |       |    33 |       ||    33
       Reflection        |       |     1 |       ||     1

Table legend:
 A = Non-vault XP
 B = Vault XP
 C = Vault XP percentage of total XP
 D = Non-vault monster count
 E = Vault monster count
 F = Vault count percentage of total count
                 A         B        C        D         E       F
            +---------+---------+-------+---------+---------+-------
      Total |     551 |     322 |  36.9 |      84 |      23 |  21.5
            +---------+---------+-------+---------+---------+-------
        D:1 |      34 |       4 |  10.5 |      17 |       2 |  10.5
        D:2 |      63 |     288 |  82.1 |      19 |      12 |  38.7
        D:3 |     301 |      30 |   9.1 |      37 |       9 |  19.6
        D:4 |     153 |       0 |   0.0 |      11 |       0 |   0.0
            +---------+---------+-------+---------+---------+-------

Levels and vault maps discovered:
D:1:      dpeg_arrival_rooms_c, layout_rooms, corexii_corridor_pit,
          roderic_three_in_a_row
D:2:      layout_basic, lemuel_round_altar, minmay_misc_feat_columns,
          uniq_sigmund, uniq_terence, uniq_robin
D:3:      layout_loops_ring, minmay_joined_circles
D:4:      layout_basic, old_standard_altar, tso_altar, uniq_menkaure

Table legend:
 A = Turns spent in this place as a percentage of turns spent in the entire game.
 B = Non-inter-level travel turns spent in this place as a percentage of non-inter-level travel turns spent in the entire game.
 C = Inter-level travel turns spent in this place as a percentage of turns spent in this place.
 D = Turns resting spent in this place as a percentage of non-inter-level travel turns spent in this place.
 E = Turns spent auto-exploring this place as a percentage of non-inter-level travel turns spent in this place.
 F = Non-inter-level travel turns spent in this place divided by the number of levels of this place that you've seen.
                   A       B       C       D       E      F
               +-------+-------+-------+-------+-------+----------------------
         Total | 100.0 | 100.0 |   2.8 |  30.6 |  44.3 | 1057.8
       Dungeon | 100.0 | 100.0 |   2.8 |  30.6 |  44.3 | 1057.8
               +-------+-------+-------+-------+-------+----------------------

Table legend:
 A = Kills in this place as a percentage of kills in entire the game.
 B = Kills by you in this place as a percentage of kills by you in the entire game.
 C = Kills by friends in this place as a percentage of kills by friends in the entire game.
 D = Other kills in this place as a percentage of other kills in the entire game.
 E = Experience gained in this place as a percentage of experience gained in the entire game.
 F = Experience gained in this place divided by the number of levels of this place that you have seen.
                   A       B       C       D       E      F
               +-------+-------+-------+-------+-------+----------------------
         Total | 100.0 | 100.0 |   N/A |   N/A | 100.0 | 218.2
       Dungeon | 100.0 | 100.0 |   N/A |   N/A | 100.0 | 218.2
               +-------+-------+-------+-------+-------+----------------------
